 Dungeon Crawl Stone Soup version 0.19.0-19-g8c6edcc (webtiles) character file.

222156 Chiseanne the Eclecticist (level 18, -27/150 HPs)
             Began as a Demonspawn Hunter on Nov 12, 2016.
             Was the Champion of Vehumet.
             Killed by an exploding ball lightning (34 damage)
             ... created by the player character
             ... on level 2 of the Vaults.
             The game lasted 03:21:27 (37984 turns).

Chiseanne the Eclecticist (Demonspawn Hunter)      Turns: 37984, Time: 03:21:28

Health: -27/150    AC: 15    Str:  9    XL:     18   Next: 9%
Magic:  0/48       EV: 22    Int: 27    God:    Vehumet [******]
Gold:   1294       SH:  6    Dex: 21    Spells: 10 memorised, 9 levels left

rFire  + . .     SeeInvis .     R - +2 broad axe "Cydamy" {flame, Str-5 Int+4 Dex+4}
rCold  + . .     Gourm    .     K - +2 robe {rC+ rF+}
rNeg   . . .     Faith    .     k - +0 buckler
rPois  +         Spirit   +     e - +1 helmet
rElec  .         Reflect  .     S - +2 cloak {+Inv}
rCorr  .         Harm     +     v - +0 pair of gloves
MR     +....                    (boots unavailable)
Stlth  +++.......               z - amulet of harm
                                L - ring of Sif Muna's Esteem {MP+9 Int+5 Dex-3}
                                y - ring of poison resistance

@: agile, very slightly contaminated, hasted, invisible (expiring), very quick
A: talons 3, iridescent scales 2, powered by death 2, robust 2, magic shield,
magic regeneration, magic link
a: Renounce Religion
}: 2/15 runes: serpentine, barnacled


You were on level 2 of the Vaults.
You worshipped Vehumet.
Vehumet was exalted by your worship.
You were not hungry.

You visited 7 branches of the dungeon, and saw 34 of its levels.
You also visited: Ossuary and Ice Cave.

You collected 3798 gold pieces.
You spent 2504 gold pieces at shops.

Inventory:

Hand Weapons
 a - a +4 dagger of electrocution
 s - the +8 hand axe of Trial by Ordeal {chop, rElec rC- Str-4 Dex+8}
   (You bought it in a shop on level 2 of the Orcish Mines)

   It inflicts extra damage upon your enemies.
   It affects your strength (-4).
   It affects your dexterity (+8).
   It makes you vulnerable to cold.
   It insulates you from electricity.
 R - the +2 broad axe "Cydamy" (weapon) {flame, Str-5 Int+4 Dex+4}
   (You took it off a siren on level 4 of the Shoals)

   It has been specially enchanted to burn those struck by it, causing extra
   injury to most foes and up to half again as much damage against particularly
   susceptible opponents.
   Big, fiery blades are also staple armaments of hydra-hunters.
   It affects your strength (-5).
   It affects your intelligence (+4).
   It affects your dexterity (+4).
Missiles
 F - 10 javelins of penetration (quivered)
Armour
 e - a +1 helmet (worn)
 k - a +0 buckler (worn)
 v - a +0 pair of gloves (worn)
 K - a +2 robe of resistance (worn)
 S - a +2 cloak of invisibility (worn)
Jewellery
 i - an uncursed ring of magical power {unknown}
 p - a +4 ring of slaying
 y - a ring of poison resistance (left hand)
 z - an amulet of harm (around neck)
 G - an uncursed ring of protection from magic
 H - an uncursed ring of protection from cold
 L - the ring of Sif Muna's Esteem (right hand) {MP+9 Int+5 Dex-3}
   (You found it in an ice cave)

   [ring of magical power]

   It affects your intelligence (+5).
   It affects your dexterity (-3).
   It affects your magic capacity (+9).
 N - an uncursed ring of flight
 Q - an uncursed ring of see invisible
Wands
 n - a wand of lightning (6/15)
 o - a wand of digging (7/24)
 w - a wand of lightning (5/15)
 x - a wand of disintegration (14/24)
 A - a wand of iceblast (2/15)
 I - a wand of disintegration (2/24)
 P - a wand of acid (5/15)
 U - a wand of lightning (5/15)
 V - a wand of acid (6/15)
Scrolls
 d - a scroll of identify
 h - a scroll of fog
 j - 15 scrolls of remove curse
 t - a scroll of immolation
 u - 2 scrolls of recharging
Potions
 c - 8 potions of curing
 g - 4 potions of agility
 m - a potion of brilliance
 q - 7 potions of flight
 B - 3 potions of ambrosia
 C - 3 potions of cancellation
 D - 2 potions of heal wounds
 O - 4 potions of haste
Books
 T - a book of the Sky

   Spells                             Type                      Level
   a - Summon Lightning Spire         Summoning/Air                4
   b - Airstrike                      Air                          4
   c - Silence                        Hexes/Air                    5
   d - Deflect Missiles               Charms/Air                   6
   e - Conjure Ball Lightning         Conjuration/Air              6
   f - Tornado                        Air                          9
Miscellaneous
 b - a fan of gales (inert)
 r - a disc of storms
 M - a phial of floods (inert)
Comestibles
 f - 20 bread rations
 l - 18 meat rations
 E - 3 chunks of flesh


   Skills:
 - Level 6.7 Fighting
 - Level 3.6 Throwing
 - Level 5.2 Armour
 - Level 5.7 Dodging
 - Level 0.8 Stealth
 - Level 4.1 Shields
 * Level 17.4 Spellcasting
 * Level 16.0 Conjurations
 - Level 5.1 Charms
 - Level 10.0 Fire Magic
 - Level 12.7 Air Magic


You had 9 spell levels left.
You knew the following spells:

 Your Spells              Type           Power        Failure   Level  Hunger
a - Shock                 Conj/Air       ####         0%          1    None
b - Conjure Ball Lightni  Conj/Air       #######...   1%          6    ###....
c - Static Discharge      Conj/Air       #######.     0%          3    None
d - Iskenderun's Battles  Conj/Chrm      ######..     1%          5    None
e - Summon Lightning Spi  Summ/Air       ######..     1%          4    None
f - Fireball              Conj/Fire      #######...   1%          5    None
g - Chain Lightning       Conj/Air       #######...   11%         8    ######.
h - Swiftness             Chrm/Air       ######..     1%          2    None
i - Searing Ray           Conj           ######       0%          2    None
j - Deflect Missiles      Chrm/Air       ######....   10%         6    ###....


Dungeon Overview and Level Annotations

Branches:
Dungeon (15/15)            Temple (1/1) D:4            Lair (6/6) D:9
 Shoals (4/4) Lair:3        Snake (4/4) Lair:4        Slime (0/5) Lair:5
    Orc (2/2) D:10            Elf (0/3) Orc:2        Vaults (2/5) D:14
 Depths (0/5) D:15
  Crypt: Vaults:2-3

Altars:
Ashenzari
Cheibriados
Dithmenos
Elyvilon
Fedhas
Gozag
Hepliaklqana
Kikubaaqudgha
Makhleb
Nemelex Xobeh
Okawaru
Qazlal
Ru
Sif Muna
Trog
Uskayaw
Vehumet
Xom
Yredelemnul
Zin
The Shining One
Beogh
Jiyva

Shops:
D:4 !   D:5 *   Orc:2 ((!   Vaults:1 :

Portals:
Hell: Lair:6

Annotations:
Snake:2 exclusion: downstairs
Vaults:2 Frederick, Jory


Innate Abilities, Weirdness & Mutations

You have claws for feet.
You are mostly covered in iridescent scales. (AC +4)
You regenerate health from kills.
You are very robust. (+20% HP)
When hurt, damage is shared between your health and your magic reserves.
You regenerate magic rapidly.
When low on magic, you restore magic in place of health.


Message History

The vault warden activates a sealing rune.
A door slams shut!
Casting: Conjure Ball Lightning
Confirm with . or Enter, or press ? or * to list all spells.
You create some ball lightning!
An ironbrand convoker comes into view. It is wielding a flail.
Your ball lightning explodes!
The blast of lightning engulfs your ball lightning.
Your ball lightning completely resists.
The blast of lightning engulfs you!
* * * LOW HITPOINT WARNING * * *
The blast of lightning engulfs your ball lightning.
Your ball lightning completely resists.
The blast of lightning engulfs Frederick.
Frederick is severely wounded.
Your ball lightning explodes!
The blast of lightning engulfs Frederick.
Frederick is almost dead.
The blast of lightning engulfs you!
You die...

>.# ## ..# .#
..# .##.# .#.#
..#
###+#######+#
#.@.........#
#...........#
#*...@......#
#...........#
#......p....#
########p#####
##p....##
##..p....##
#p#.....#.#


You could see Frederick, a vault guard, a vault sentinel and a friendly ball
lightning.

Vanquished Creatures
  Vashnia (Snake:4)
  5 nagarajas (Snake:4)
  Ilsuiw (Shoals:4)
  5 vault wardens
  6 ironheart preservers
  4 merfolk javelineers (Shoals:4)
  Snorg (D:14)
  4 merfolk impalers (Shoals:4)
  4 yaktaur captains
  Josephine (D:10)
  2 ice dragons (IceCv)
  3 ogre magi
  10 vault guards
  8 hydras
  9 naga warriors
  Erica (Orc:2)
  7 anacondas
  An alligator snapping turtle (Shoals:4)
  A catoblepas (Lair:3)
  6 merfolk avatars
  3 centaur warriors
  4 merfolk aquamancers (Shoals:4)
  A satyr (Shoals:3)
  3 death yaks (Lair:6)
  3 shock serpents
  A deep elf knight (Vaults:1)
  7 naga sharpshooters
  3 skeletal warriors (Vaults:1)
  4 wizards
  3 unseen horrors
  A salamander mystic (Snake:4)
  3 naga ritualists (Snake:2)
  16 sea snakes
  Pikel (D:5)
  A deep troll (Vaults:2)
  5 orc knights
  5 hill giants
  A lindwurm (Lair:6)
  A deep elf archer (Vaults:1)
  The ghost of crawlian the Arsonist, a novice DEFE of Sif Muna (D:10)
  2 necromancers
  An ironbrand convoker (Vaults:1)
  4 deep elf magi
  2 harpies
  6 orc sorcerers
  9 manticores
  11 ugly things
  4 mana vipers
  2 wolf spiders (Vaults:1)
  3 cyclopes
  Joseph (D:7)
  3 salamanders (Snake:3)
  8 sirens
  5 water nymphs
  2 guardian serpents
  An elephant (shapeshifter) (Vaults:1)
  Maurice (Orc:1)
  A gargoyle (D:12)
  10 spiny frogs
  2 vault sentinels
  6 elephants (Lair:5)
  29 black mambas
  3 ice statues
  A torpor snail (Lair:4)
  9 naga magi
  5 komodo dragons
  2 freezing wraiths
  5 rime drakes
  A hellwing (Lair:6)
  A yaktaur (Vaults:1)
  3 ice devils (Lair:6)
  A meliai (shapeshifter) (Vaults:1)
  The ghost of Apogee the Chopper, an amateur DDFi (D:3)
  4 red devils
  15 merfolk
  9 trolls
  Grinder (D:6)
  A harpy skeleton (D:15)
  A harpy zombie (D:14)
  7 two-headed ogres
  2 polar bears
  2 wind drakes (Shoals:4)
  9 dream sheep
  Prince Ribbit (D:9)
  8 blink frogs (Lair:6)
  5 snapping turtles
  18 hippogriffs
  A centaur simulacrum (D:15)
  A tarantella (shapeshifter) (Vaults:1)
  A shadow (D:15)
  A vampire (D:14)
  4 wraiths
  4 water elementals (Shoals:4)
  6 wyverns
  A hungry ghost (D:7)
  A human (D:10)
  46 yaks
  Eustachio (D:6)
  Menkaure (D:7)
  4 vampire mosquitoes (D:15)
  4 basilisks
  2 steam dragons (D:5)
  A mottled dragon (D:11)
  35 nagas
  5 wargs
  3 soldier ants
  9 water moccasins
  3 porcupines
  A hell hound (Lair:6)
  19 orc warriors
  4 sky beasts
  22 ice beasts
  A black bear (D:10)
  A hornet zombie (D:11)
  A phantom (D:7)
  A slave (D:5)
  10 boggarts
  2 necrophages
  17 ogres
  3 wolves
  10 centaurs
  17 crocodiles
  2 elf zombies (Ossuary)
  4 big kobolds
  15 bullfrogs
  A wyvern zombie (D:14)
  3 scorpions
  A human simulacrum (Vaults:1)
  3 vampire bats (D:5)
  8 wights (D:12)
  A howler monkey (D:10)
  4 electric eels
  6 bullfrog zombies
  4 centaur zombies
  2 lava snakes (D:14)
  9 crimson imps
  3 quasits
  A jelly (D:10)
  7 centaur skeletons
  6 hounds
  35 orc wizards
  Crazy Yiuf (D:2)
  22 orc priests
  A bullfrog skeleton (D:8)
  3 human zombies (Ossuary)
  3 iguanas
  14 worker ants
  A hell rat (shapeshifter) (Vaults:1)
  2 big kobold zombies (Ossuary)
  A hound zombie (Ossuary)
  3 hound skeletons
  4 mummies
  3 gnolls (Orc:2)
  3 worker ant zombies
  13 adders
  5 shadow imps
  2 oozes
  4 adder zombies
  3 adder skeletons
  3 worms
  5 dart slugs
  12 leopard geckos
  53 orcs
  4 ball pythons
  10 bats
  4 bat skeletons (D:5)
  A bat zombie (D:5)
  8 giant cockroaches
  A gnoll zombie (Ossuary)
  5 goblins
  9 hobgoblins
  8 jackals
  22 kobolds
  6 quokkas
  A frilled lizard (D:4)
  2 hobgoblin zombies (Ossuary)
  5 jackal zombies
  7 kobold zombies (Ossuary)
  2 orc zombies (Ossuary)
  A quokka skeleton (D:6)
  2 quokka zombies (Ossuary)
  11 rats
  7 rat zombies (Ossuary)
  A bush (Lair:5)
  A butterfly (Lair:6)
  5 fungi
  3 plants (D:9)
1020 creatures vanquished.

Vanquished Creatures (collateral kills)
  2 merfolk impalers (Shoals:4)
  A vault guard (D:14)
  The ghost of Vajrapani the Fighter, a journeyman MiMo of Hepliaklqana (Lair:1)
  A hell beast (Lair:6)
  2 naga warriors (Snake:4)
  An anaconda (Snake:3)
  A centaur warrior (D:14)
  2 death yaks (Lair:6)
  An orc high priest (Orc:2)
  A naga ritualist (Snake:2)
  A wizard (Lair:6)
  An orc knight (Orc:2)
  A mana viper (Snake:2)
  An orc sorcerer (Orc:1)
  A salamander (Snake:1)
  A cyclops (Vaults:1)
  A black mamba (Lair:6)
  2 naga magi (Snake:4)
  3 komodo dragons
  2 merfolk
  A red devil (Lair:6)
  A troll (D:10)
  A hippogriff (Lair:6)
  4 wraiths (D:10)
  A yak (Lair:6)
  5 nagas (Snake:4)
  2 wargs (Orc:2)
  A hell hound (Lair:6)
  A porcupine (Lair:5)
  2 orc warriors (Orc:2)
  A crocodile (Lair:1)
  3 orc priests
  3 orc wizards (Orc:2)
  A gnoll (Orc:2)
  5 orcs (Orc:2)
  A plant (Lair:6)
60 creatures vanquished.

Vanquished Creatures (others)
  135 ball lightnings
  An ogre (D:15)
  A jelly (D:10)
  An orc (D:10)
  A quokka (D:10)
  23 fungi
  14 plants
176 creatures vanquished.

Grand Total: 1256 creatures vanquished

Notes
Turn   | Place    | Note
-------+----------+-------------------------------------------
     0 | D:1      | Chiseanne the Demonspawn Hunter began the quest for the Orb.
     0 | D:1      | Reached XP level 1. HP: 16/16 MP: 1/1
    78 | D:1      | Gained mutation: You have sharp toenails. [demonic ancestry]
    78 | D:1      | Reached XP level 2. HP: 21/23 MP: 2/2
   385 | D:1      | HP: 1/24 [hobgoblin/club (3)]
   434 | D:1      | Gained mutation: When hurt, damage is shared between your health and your magic reserves. [demonic ancestry]
   434 | D:1      | Reached XP level 3. HP: 6/29 MP: 3/3
  1344 | D:2      | Found a runed door.
  1792 | D:2      | Reached skill level 1 in Spellcasting
  1813 | D:2      | Reached XP level 4. HP: 26/37 MP: 2/5
  2557 | D:2      | Reached skill level 1 in Armour
  2803 | D:2      | Noticed Crazy Yiuf
  2830 | D:2      | Killed Crazy Yiuf
  2981 | D:3      | Found a faded altar of an unknown god.
  2984 | D:3      | Gained mutation: You regenerate magic rapidly. [demonic ancestry]
  2984 | D:3      | Reached XP level 5. HP: 42/42 MP: 7/7
  3029 | D:3      | Noticed Apogee's ghost (amateur DDFi)
  3046 | D:3      | Killed Apogee's ghost
  3046 | D:3      | Reached skill level 2 in Spellcasting
  3046 | D:3      | Gained mutation: You are partially covered in iridescent scales. (AC +2) [demonic ancestry]
  3046 | D:3      | Reached XP level 6. HP: 28/50 MP: 3/10
  3419 | D:3      | Reached skill level 5 in Fighting
  3930 | D:4      | Found a staircase to the Ecumenical Temple.
  3982 | D:4      | Reached skill level 3 in Spellcasting
  4171 | D:4      | Reached XP level 7. HP: 25/56 MP: 8/12
  4309 | D:4      | Found Jieceir's Distillery.
  4317 | D:4      | Bought a potion of brilliance for 48 gold pieces
  4317 | D:4      | Bought a potion of agility for 48 gold pieces
  4365 | D:4      | Found a sand-covered staircase.
  4373 | Ossuary  | Entered an ossuary
  4614 | Ossuary  | Reached skill level 4 in Spellcasting
  5092 | D:4      | Gained mutation: You have a pair of small antennae on your head. [potion of mutation]
  5092 | D:4      | Gained mutation: You are occasionally teleported next to monsters. [potion of mutation]
  5092 | D:4      | Gained mutation: You tend to lose your temper in combat. [potion of mutation]
  5094 | D:4      | Gained mutation: Your body sometimes deteriorates upon taking damage. [potion of mutation]
  5094 | D:4      | Lost mutation: You tend to lose your temper in combat. [potion of mutation]
  5094 | D:4      | Gained mutation: Your muscles are strong. (Str +2) [potion of mutation]
  5187 | Temple   | Entered the Ecumenical Temple
  5392 | Temple   | Became a worshipper of Vehumet
  5570 | D:5      | Entered Level 5 of the Dungeon
  5620 | D:5      | Gained mutation: You are mostly covered in iridescent scales. (AC +4) [demonic ancestry]
  5620 | D:5      | Reached XP level 8. HP: 63/64 MP: 14/14
  5739 | D:5      | Found a white marble altar of Elyvilon.
  5780 | D:5      | Found Qonee's General Store.
  5788 | D:5      | Bought a scroll of noise for 12 gold pieces
  5788 | D:5      | Bought a scroll of vulnerability for 90 gold pieces
  5909 | D:5      | Reached skill level 5 in Spellcasting
  6227 | D:5      | Found an ancient bone altar of Kikubaaqudgha.
  6374 | D:5      | Noticed Pikel
  6395 | D:5      | Killed Pikel
  6395 | D:5      | Reached skill level 5 in Dodging
  6395 | D:5      | Reached skill level 6 in Spellcasting
  6395 | D:5      | Reached XP level 9. HP: 66/71 MP: 14/18
  6417 | D:5      | Found an iron altar of Okawaru.
  6615 | D:6      | Reached * piety under Vehumet
  6615 | D:6      | Offered knowledge of Shock by Vehumet.
  6629 | D:5      | Learned a level 1 spell: Shock
  6908 | D:6      | Found a burning altar of Makhleb.
  6908 | D:6      | Found a snail-covered altar of Cheibriados.
  6912 | D:6      | Found an opulent altar of Gozag.
  6942 | D:6      | Reached skill level 1 in Conjurations
  7035 | D:6      | Noticed Eustachio
  7538 | D:6      | Noticed a dagger
  7539 | D:6      | Found a hide-covered altar of Uskayaw.
  7539 | D:6      | Noticed a dagger
  7763 | D:6      | Reached skill level 7 in Spellcasting
  8537 | D:6      | Noticed Grinder
  8548 | D:6      | Killed Grinder
  8707 | D:7      | Reached skill level 8 in Spellcasting
  8762 | D:7      | Found a bloodstained altar of Trog.
  8764 | D:7      | Noticed Menkaure
  8770 | D:7      | Killed Menkaure
  8770 | D:7      | Reached skill level 5 in Conjurations
  9080 | D:7      | Gained mutation: You have razor-sharp toenails. [demonic ancestry]
  9080 | D:7      | Reached XP level 10. HP: 77/77 MP: 15/22
  9147 | D:7      | Offered knowledge of Sandblast by Vehumet.
  9284 | D:7      | Noticed Joseph
  9312 | D:7      | Reached ** piety under Vehumet
  9437 | D:7      | Killed Joseph
  9974 | D:8      | Reached skill level 9 in Spellcasting
 10323 | D:7      | Reached skill level 1 in Shields
 10976 | D:8      | Found an ancient bone altar of Kikubaaqudgha.
 11846 | D:9      | Noticed a hill giant
 11854 | D:9      | Killed a hill giant
 11854 | D:9      | Reached skill level 1 in Air Magic
 11969 | D:9      | Offered knowledge of Searing Ray by Vehumet.
 11976 | D:9      | Learned a level 2 spell: Searing Ray
 12171 | D:9      | Got a wavering golden ring
 12222 | D:9      | Found a staircase to the Lair.
 12294 | D:9      | Reached *** piety under Vehumet
 12448 | D:9      | Gained mutation: You have claws for feet. [demonic ancestry]
 12448 | D:9      | Reached XP level 11. HP: 83/83 MP: 21/24
 13004 | D:9      | Noticed Prince Ribbit
 13010 | D:9      | Killed Prince Ribbit
 13181 | D:10     | Entered Level 10 of the Dungeon
 13361 | D:10     | Offered knowledge of Static Discharge by Vehumet.
 13445 | D:10     | Found a staircase to the Orcish Mines.
 13452 | D:10     | Identified the ring "Saxacam" {Dex+3 Stlth-} (You found it on level 9 of the Dungeon)
 13489 | D:10     | Found a roughly hewn altar of Beogh.
 13558 | D:10     | Noticed crawlian's ghost (novice DEFE)
 13603 | D:10     | Killed crawlian's ghost
 13786 | D:10     | Reached skill level 10 in Spellcasting
 14111 | D:10     | Noticed a deep elf mage
 14317 | D:10     | Killed a deep elf mage
 14593 | D:10     | Learned a level 3 spell: Static Discharge
 14815 | D:11     | Reached **** piety under Vehumet
 14831 | D:11     | Noticed a green ugly thing
 15476 | D:12     | Offered knowledge of Iskenderun's Battlesphere by Vehumet.
 15493 | D:12     | Learned a level 5 spell: Iskenderun's Battlesphere
 15590 | D:12     | Reached skill level 1 in Charms
 15664 | D:12     | Got a dazzling hand axe
 15665 | D:12     | Identified the +8 hand axe "Goblinbane" {venom, rElec Int-5 Dex+2 SInv} (You found it on level 12 of the Dungeon)
 15843 | D:12     | Got a bloodstained ring mail
 15844 | D:12     | Identified the cursed +1 ring mail "Goxerr" {rN+} (You found it on level 12 of the Dungeon)
 16163 | D:12     | You fall through a shaft for 3 floors!
 16163 | D:15     | Entered Level 15 of the Dungeon
 16186 | D:15     | Noticed an ogre mage
 16191 | D:15     | Killed an ogre mage
 16292 | D:13     | Killed an unseen horror
 16292 | D:13     | Reached skill level 5 in Charms
 16302 | D:13     | Noticed a six-headed hydra
 16322 | D:13     | Noticed a hill giant
 16334 | D:13     | Killed a hill giant
 16338 | D:13     | Gained mutation: When low on magic, you restore magic in place of health. [demonic ancestry]
 16338 | D:13     | Reached XP level 12. HP: 57/89 MP: 19/26
 16553 | D:13     | Reached skill level 5 in Armour
 16690 | D:11     | Reached skill level 5 in Air Magic
 16808 | Orc:1    | Entered Level 1 of the Orcish Mines
 16808 | Orc:1    | Noticed Erica
 16808 | Orc:1    | Noticed Josephine
 16823 | D:10     | Killed Josephine
 16931 | Lair:1   | Entered Level 1 of the Lair of Beasts
 16990 | Lair:1   | Learned a level 4 spell: Summon Lightning Spire
 17056 | Lair:1   | Reached ***** piety under Vehumet
 17180 | Lair:1   | Offered knowledge of Fireball by Vehumet.
 17243 | Lair:1   | Noticed a seven-headed hydra
 17258 | Lair:1   | Killed a seven-headed hydra
 17536 | Lair:1   | Noticed Vajrapani's ghost (journeyman MiMo)
 17566 | Lair:1   | Killed Vajrapani's ghost
 17648 | Lair:1   | Noticed a five-headed hydra
 17651 | Lair:1   | Killed a five-headed hydra
 17732 | Lair:1   | Learned a level 5 spell: Fireball
 18163 | Lair:2   | Reached skill level 1 in Fire Magic
 18254 | Lair:2   | HP: 2/89 [yak (7)]
 19488 | Lair:3   | Found a staircase to the Shoals.
 19888 | Lair:3   | Noticed a catoblepas
 19898 | Lair:3   | Killed a catoblepas
 19898 | Lair:3   | Gained mutation: You regenerate a little health from kills. [demonic ancestry]
 19898 | Lair:3   | Reached XP level 13. HP: 95/95 MP: 20/27
 20031 | Lair:4   | Reached skill level 5 in Fire Magic
 20057 | Lair:4   | HP: 3/95 [black mamba (3)]
 20065 | Lair:4   | HP: 3/95 [poisoned by a black mamba]
 20070 | Lair:4   | HP: 3/95 [poisoned by a black mamba]
 20075 | Lair:4   | HP: 4/95 [poisoned by a black mamba]
 20264 | Lair:4   | Lost mutation: Your muscles are strong. (Str +2) [potion of cure mutation]
 20264 | Lair:4   | Lost mutation: Your body sometimes deteriorates upon taking damage. [potion of cure mutation]
 20264 | Lair:4   | Lost mutation: You have a pair of small antennae on your head. [potion of cure mutation]
 20264 | Lair:4   | Lost mutation: You are occasionally teleported next to monsters. [potion of cure mutation]
 20324 | Lair:4   | Found a frozen archway.
 20333 | IceCv    | Entered an ice cave
 20628 | IceCv    | Got a scintillating pewter ring
 20643 | IceCv    | Identified the ring of Sif Muna's Esteem {MP+9 Int+5 Dex-3} (You found it in an ice cave)
 20819 | Lair:4   | Found a staircase to the Snake Pit.
 21120 | Lair:4   | Offered knowledge of Spellforged Servitor by Vehumet.
 21632 | Lair:5   | Found a viscous altar of Jiyva.
 21640 | Lair:5   | Found a staircase to the Slime Pits.
 21940 | Lair:5   | Reached skill level 11 in Spellcasting
 22276 | Lair:6   | Entered Level 6 of the Lair of Beasts
 22969 | Lair:6   | Reached skill level 10 in Conjurations
 23001 | Lair:6   | Learned a level 2 spell: Repel Missiles
 23005 | Lair:6   | Learned a level 2 spell: Swiftness
 23051 | Lair:6   | Gained mutation: You regenerate health from kills. [demonic ancestry]
 23051 | Lair:6   | Reached XP level 14. HP: 101/101 MP: 29/29
 23110 | Lair:6   | Reached skill level 12 in Spellcasting
 23308 | Lair:6   | Found a burning altar of Makhleb.
 23373 | Lair:6   | Found a gateway to Hell.
 23633 | Lair:6   | Offered knowledge of Poison Arrow by Vehumet.
 24226 | Orc:1    | Found a roughly hewn altar of Beogh.
 24247 | Orc:1    | Noticed Maurice
 24252 | Orc:1    | Killed Maurice
 24411 | Orc:2    | Entered Level 2 of the Orcish Mines
 24411 | Orc:2    | Found a staircase to the Elven Halls.
 24808 | Orc:2    | Killed Erica
 24868 | Orc:2    | Reached skill level 13 in Spellcasting
 25416 | Orc:2    | Found Vocaewuo's Antique Weapon Boutique.
 25416 | Orc:2    | Found Idoening's Weapon Shop.
 25420 | Orc:2    | Found Laaloc's Distillery.
 25463 | Orc:2    | Found Tachudep's Food Boutique.
 25584 | Orc:2    | Bought a jewelled hand axe for 192 gold pieces
 25585 | Orc:2    | Identified the +8 hand axe of Trial by Ordeal {chop, rElec rC- Str-4 Dex+8} (You bought it in a shop on level 2 of the Orcish Mines)
 25587 | Orc:2    | Bought an iridescent dire flail for 216 gold pieces
 25587 | Orc:2    | Identified the cursed +1 dire flail "Unaosuni" {flame, rC++ MR+ Dex+4} (You bought it in a shop on level 2 of the Orcish Mines)
 25590 | Orc:2    | Bought a potion of might for 64 gold pieces
 25590 | Orc:2    | Bought a potion of agility for 64 gold pieces
 25590 | Orc:2    | Bought a potion of brilliance for 64 gold pieces
 25590 | Orc:2    | Bought 2 potions of curing for 96 gold pieces
 25590 | Orc:2    | Bought a potion of flight for 48 gold pieces
 25590 | Orc:2    | Bought a potion of agility for 64 gold pieces
 25601 | Orc:2    | Bought 3 javelins of penetration for 108 gold pieces
 25603 | Orc:2    | Bought a beef jerky for 15 gold pieces
 25603 | Orc:2    | Bought a slice of pizza for 15 gold pieces
 25603 | Orc:2    | Bought a beef jerky for 15 gold pieces
 25603 | Orc:2    | Bought a slice of pizza for 15 gold pieces
 26760 | D:14     | Noticed Snorg
 26763 | D:14     | Killed Snorg
 26890 | D:14     | Found a gate to the Vaults.
 27212 | D:14     | Offered knowledge of Venom Bolt by Vehumet.
 27252 | D:14     | Gained mutation: You are robust. (+10% HP) [demonic ancestry]
 27252 | D:14     | Reached XP level 15. HP: 101/117 MP: 28/32
 27553 | D:15     | Found an iron altar of Okawaru.
 27899 | D:15     | Reached skill level 14 in Spellcasting
 28172 | D:15     | Found a staircase to the Depths.
 29071 | D:6      | Killed Eustachio
 29155 | D:4      | Bought 2 potions of flight for 72 gold pieces
 29155 | D:4      | Bought a potion of might for 48 gold pieces
 29155 | D:4      | Bought a potion of heal wounds for 60 gold pieces
 29155 | D:4      | Bought a potion of ambrosia for 96 gold pieces
 29155 | D:4      | Bought a potion of flight for 36 gold pieces
 29155 | D:4      | Bought a potion of lignification for 36 gold pieces
 29155 | D:4      | Bought a potion of heal wounds for 60 gold pieces
 29155 | D:4      | Bought a potion of haste for 120 gold pieces
 29203 | D:5      | Bought a potion of ambrosia for 96 gold pieces
 29203 | D:5      | Bought a beef jerky for 18 gold pieces
 29203 | D:5      | Bought a potion of cancellation for 96 gold pieces
 29203 | D:5      | Bought a scroll of amnesia for 42 gold pieces
 29434 | Orc:2    | Bought a bread ration for 50 gold pieces
 29434 | Orc:2    | Bought a bread ration for 50 gold pieces
 29434 | Orc:2    | Bought a meat ration for 50 gold pieces
 29434 | Orc:2    | Bought a meat ration for 50 gold pieces
 29434 | Orc:2    | Bought a bread ration for 50 gold pieces
 29434 | Orc:2    | Bought a bread ration for 50 gold pieces
 29434 | Orc:2    | Bought a meat ration for 50 gold pieces
 29434 | Orc:2    | Bought a meat ration for 50 gold pieces
 29434 | Orc:2    | Bought a bread ration for 50 gold pieces
 29434 | Orc:2    | Bought a meat ration for 50 gold pieces
 29434 | Orc:2    | Bought a meat ration for 50 gold pieces
 29646 | Snake:1  | Entered Level 1 of the Snake Pit
 30053 | Snake:1  | Reached ****** piety under Vehumet
 30296 | Snake:2  | Offered knowledge of Poisonous Cloud by Vehumet.
 30911 | Snake:2  | Reached skill level 10 in Fire Magic
 31275 | Snake:3  | Reached skill level 15 in Spellcasting
 31698 | Snake:3  | Reached XP level 16. HP: 113/124 MP: 35/35
 31723 | Snake:4  | Entered Level 4 of the Snake Pit
 31751 | Snake:4  | Noticed Vashnia
 31790 | Snake:4  | Killed Vashnia
 32264 | Snake:4  | Offered knowledge of Conjure Ball Lightning by Vehumet.
 32265 | Snake:4  | Reached skill level 16 in Spellcasting
 32434 | Snake:4  | Got a serpentine rune of Zot
 32655 | Shoals:1 | Entered Level 1 of the Shoals
 33583 | Shoals:2 | Learned a level 6 spell: Conjure Ball Lightning
 33719 | Shoals:4 | Entered Level 4 of the Shoals
 33811 | Shoals:4 | Noticed Ilsuiw
 33821 | Shoals:4 | Reached skill level 15 in Conjurations
 33830 | Shoals:4 | Killed Ilsuiw
 33831 | Shoals:4 | Reached XP level 17. HP: 57/130 MP: 26/37
 34143 | Shoals:4 | Offered knowledge of Ozocubu's Refrigeration by Vehumet.
 34143 | Shoals:4 | Reached skill level 17 in Spellcasting
 34206 | Shoals:4 | Got a jewelled broad axe {flame}
 34221 | Shoals:4 | Identified the +2 broad axe "Cydamy" {flame, Str-5 Int+4 Dex+4} (You took it off a siren on level 4 of the Shoals)
 34230 | Shoals:4 | Learned a level 6 spell: Deflect Missiles
 34422 | Shoals:4 | Reached skill level 10 in Air Magic
 34572 | Shoals:4 | Got a barnacled rune of Zot
 34997 | Vaults:1 | Entered Level 1 of the Vaults
 35820 | Vaults:1 | Found Avedo's Book Emporium.
 37726 | Vaults:2 | Offered knowledge of Glaciate by Vehumet.
 37726 | Vaults:2 | Offered knowledge of Shatter by Vehumet.
 37726 | Vaults:2 | Offered knowledge of Chain Lightning by Vehumet.
 37834 | Vaults:2 | Learned a level 8 spell: Chain Lightning
 37850 | Vaults:2 | Gained mutation: You are very robust. (+20% HP) [demonic ancestry]
 37850 | Vaults:2 | Reached XP level 18. HP: 100/150 MP: 27/39
 37956 | Vaults:2 | Noticed Jory
 37964 | Vaults:2 | Noticed Frederick
 37984 | Vaults:2 | HP: 7/150 [ball lightning[the player character] (37)]
 37984 | Vaults:2 | Killed by an exploding ball lightning

Skill      XL: |  1  2  3  4  5  6  7  8  9 10 11 12 13 14 15 16 17 18 |
---------------+-------------------------------------------------------+-----
Fighting       | 3 4 5 6 |  6.7
Spellcasting   | 1 2 3 4 6 8 9 10 11 13 15 16 17 | 17.4
Armour         | 1 2 3 4 5 |  5.2
Dodging        | 3 5 |  5.7
Conjurations   | 5 7 8 10 11 13 15 16 | 16.0
Shields        | 4 |  4.1
Air Magic      | 2 4 9 12 | 12.7
Charms         | 5 |  5.1
Fire Magic     | 4 8 10 | 10.0
Throwing       | |  3.6
Stealth        | |  0.8

Action                   |  1- 3 |  4- 6 |  7- 9 | 10-12 | 13-15 | 16-18 || total
-------------------------+-------+-------+-------+-------+-------+-------++-------
Melee: Short sword       |   180 |    66 |       |       |       |       ||   246
       Kick              |    36 |    36 |   110 |   163 |    33 |       ||   378
       Quarterstaff      |       |   112 |   441 |    43 |       |       ||   596
       Flail             |       |       |    11 |     5 |       |       ||    16
       Dagger            |       |       |       |   426 |    75 |       ||   501
Throw: Javelin           |     4 |     9 |     7 |    12 |       |       ||    32
       Throwing net      |     2 |     3 |     2 |       |       |       ||     7
 Cast: Shock             |       |       |    97 |   544 |   462 |   110 ||  1213
       Searing Ray       |       |       |       |     4 |       |       ||     4
       Iskenderun's Batt |       |       |       |    43 |   136 |    42 ||   221
       Summon Lightning  |       |       |       |    12 |    55 |    36 ||   103
       Fireball          |       |       |       |     3 |   262 |   223 ||   488
       Repel Missiles    |       |       |       |       |     4 |     1 ||     5
       Static Discharge  |       |       |       |       |     2 |       ||     2
       Conjure Ball Ligh |       |       |       |       |       |    66 ||    66
       Deflect Missiles  |       |       |       |       |       |     1 ||     1
Evoke: Wand              |       |       |     3 |    11 |     2 |     7 ||    23
       Box of beasts     |       |       |       |       |     2 |       ||     2
       Phial of floods   |       |       |       |       |     1 |     2 ||     3
       Fan of gales      |       |       |       |       |     1 |     1 ||     2
  Use: Scroll            |     2 |     5 |     9 |    11 |    12 |     9 ||    48
       Potion            |       |     5 |    15 |     9 |     3 |     6 ||    38
 Stab: Sleeping          |     3 |       |     2 |     3 |       |       ||     8
       Petrified         |       |     1 |       |       |       |       ||     1
       Confused          |       |       |     2 |       |       |       ||     2
       Paralysed         |       |       |     2 |       |       |       ||     2
       Petrifying        |       |       |     1 |       |       |       ||     1
       Distracted        |       |       |       |       |     1 |       ||     1
  Eat: Chunk             |     3 |     8 |    14 |    38 |    63 |    10 ||   136
       Beef jerky        |       |       |     1 |       |     7 |     2 ||    10
       Royal jelly       |       |       |       |     1 |     2 |       ||     3
       Meat ration       |       |       |       |     1 |       |       ||     1
       Fruit             |       |       |       |     7 |     6 |       ||    13
       Pizza             |       |       |       |     1 |     2 |     1 ||     4
       Bread ration      |       |       |       |       |     1 |     4 ||     5
Armor: Leather armour    |    35 |       |       |       |       |       ||    35
       Ring mail         |    25 |    82 |   219 |       |       |       ||   326
       Robe              |       |       |    68 |    86 |    97 |    31 ||   282
       Troll leather arm |       |       |       |    69 |    33 |       ||   102
Dodge: Dodged            |   120 |   138 |   413 |   384 |   220 |    78 ||  1353
       Deflected         |       |       |       |       |    11 |    21 ||    32
Block: Buckler           |       |       |       |   103 |    55 |    32 ||   190
